 Dungeon Crawl Stone Soup version 0.26-a0-845-gfacbca91cf (webtiles) character file.

Game seed: 7241986774757504101

387344 BuffBuff the Shatterer (level 23, -16/152 HPs)
             Began as a Gargoyle Fighter on Nov 18, 2020.
             Was the Champion of Okawaru.
             Killed from afar by Frederick (45 damage)
             ... with a lance of force
             ... on level 5 of the Vaults on Nov 19, 2020.
             The game lasted 04:00:10 (48869 turns).

BuffBuff the Shatterer (Gargoyle Fighter)          Turns: 48869, Time: 04:00:11

Health: -16/152    AC: 61    Str: 33    XL:     23   Next: 2%
Magic:  32/32      EV:  8    Int: 18    God:    Okawaru [******]
Gold:   4413       SH: 33    Dex: 19    Spells: 12/22 levels left

rFire    + + .     SeeInvis .   a - +9 eveningstar (vorpal)
rCold    + + +     Faith    .   R - +1 tower shield
rNeg     + . .     Spirit   .   e - +12 gold dragon scales
rPois    ∞         Reflect  +   J - +1 hat "Wezatug" {+Inv rPois Str+5 Dex+4}
rElec    +         Harm     .   (no cloak)
rCorr    +         Rampage  .   W - +0 pair of gloves
MR       ++...                  T - +2 pair of boots {run}
Stlth    ..........             V - amulet of reflection
HPRegen  0.35/turn              F - ring "Yblimi" {rPois rC+ Str+4 Dex+3}
MPRegen  0.23/turn              l - ring of the Eagle {*Drain rElec rC++ MR+ Int+6}

@: mighty, resistant, heroism, flying, very slightly contaminated, constricted,
invisible, quick
A: big wings, negative energy resistance 1, electricity resistance, unbreathing,
petrification resistance, rot immunity, AC +17
}: 2/15 runes: decaying, serpentine
a: Stop Flying, Heroism, Finesse, Renounce Religion


You were on level 5 of the Vaults.
You worshipped Okawaru.
Okawaru was exalted by your worship.
You visited 8 branches of the dungeon, and saw 40 of its levels.
You also visited: Ossuary, Bailey and Gauntlet.

You collected 6252 gold pieces.
You spent 1839 gold pieces at shops.

Inventory:

Hand Weapons
 a - a +9 vorpal eveningstar (weapon)
Missiles
 H - 18 curare-tipped darts (quivered)
Armour
 c - the +1 pair of boots of Winnek {rElec rCorr Dex+6}
   (You bought it in a shop on level 8 of the Dungeon)

   It affects your dexterity (+6).
   It insulates you from electricity.
   It provides partial protection from all sources of acid and corrosion.
 e - +12 gold dragon scales (worn)
 D - a +2 helmet of see invisible
 J - the +1 hat "Wezatug" (worn) {+Inv rPois Str+5 Dex+4}
   (Okawaru gifted it to you on level 4 of the Snake Pit)

   It affects your strength (+5).
   It affects your dexterity (+4).
   It protects you from poison.
   It lets you turn invisible.
 R - a +1 tower shield (worn)
 T - a +2 pair of boots of running (worn)
 W - a +0 pair of gloves (worn)
Jewellery
 g - an uncursed ring of resist corrosion
 k - an uncursed ring of wizardry
 l - the ring of the Eagle (right hand) {*Drain rElec rC++ MR+ Int+6}
   (You acquired it on level 6 of the Lair of Beasts)

   [ring of intelligence]

   It affects your intelligence (+6).
   It greatly protects you from cold.
   It insulates you from electricity.
   It affects your resistance to hostile enchantments.
   It causes draining when unequipped.
 p - an uncursed amulet of regeneration
 F - the ring "Yblimi" (left hand) {rPois rC+ Str+4 Dex+3}
   (You found it on level 7 of the Dungeon)

   [ring of protection from cold]

   It affects your strength (+4).
   It affects your dexterity (+3).
   It protects you from cold.
   It protects you from poison.
 U - the ring of Robustness {AC+8}
   (You found it on level 3 of the Snake Pit)

   [ring of protection]

   It affects your AC (+8).
 V - an amulet of reflection (around neck)
Wands
 i - a wand of digging (14)
 j - a wand of iceblast (4)
 m - a wand of acid (44)
 s - a wand of disintegration (41)
 I - a wand of flame (16)
 K - a wand of polymorph (38)
Scrolls
 b - a scroll of summoning {unknown}
 f - 38 scrolls of remove curse
 n - 9 scrolls of teleportation
 u - 18 scrolls of identify
 w - 4 scrolls of blinking
 y - a scroll of silence {unknown}
 z - 10 scrolls of fear
 A - 2 scrolls of amnesia
 B - 2 scrolls of enchant armour
 L - 3 scrolls of magic mapping
 M - a scroll of brand weapon
 Q - 2 scrolls of holy word
Potions
 d - 4 potions of might
 h - 5 potions of cancellation
 o - 17 potions of curing
 q - 12 potions of heal wounds
 r - a potion of magic
 t - 2 potions of invisibility
 x - 3 potions of resistance
 G - a potion of ambrosia
 P - a potion of haste
Miscellaneous
 C - a phantom mirror
 E - a phantom mirror


   Skills:
 + Level 18.0(23.0) Fighting
 + Level 21.2(26.2) Maces & Flails
 - Level 0.4(5.4) Throwing
 + Level 17.8(22.8) Armour
 - Level 1.0(6.0) Dodging
 - Level 1.1(6.1) Stealth
 + Level 18.2(23.2) Shields
 + Level 2.8 Hexes
 + Level 4.0 Translocations
 - Level 12.0 Invocations
 - Level 12.0 Evocations


You had 12 spell levels left.
You knew the following spells:

 Your Spells              Type           Power        Failure   Level
a - Passwall              Tmut/Erth      #.......     95%         2
b - Blink                 Tloc           N/A          45%         2
c - Invisibility          Hex            ##......     100%        6

Your spell library contained the following spells:

 Spells                   Type           Power        Failure   Level
 Apportation              Tloc           ##....       34%         1
 Corona                   Hex            ##.....      50%         1
 Slow                     Hex            ##......     63%         2
 Lesser Beckoning         Tloc           ##........   71%         3
 Portal Projectile        Hex/Tloc       ##....       78%         3
 Ensorcelled Hibernation  Hex/Ice        #.....       83%         2
 Confusing Touch          Hex            ##......     86%         3
 Tukima's Dance           Hex            ##......     86%         3
 Animate Skeleton         Necr           #.....       87%         1
 Beastly Appendage        Tmut           #.....       87%         1
 Foxfire                  Conj/Fire      #...         87%         1
 Freeze                   Ice            #...         87%         1
 Magic Dart               Conj           #...         87%         1
 Pain                     Necr           #...         87%         1
 Sandblast                Erth           #.....       87%         1
 Sting                    Tmut/Pois      #...         87%         1
 Summon Small Mammal      Summ           #...         87%         1
 Call Imp                 Summ           #.......     95%         2
 Poisonous Vapours        Pois/Air       #.....       95%         2
 Searing Ray              Conj           #.....       95%         2
 Swiftness                Air            #.......     95%         2
 Wereblood                Tmut           #.......     95%         2
 Dazzling Flash           Conj/Hex       #.....       96%         3
 Inner Flame              Hex/Fire       #.......     96%         3
 Summon Guardian Golem    Hex/Summ       #.......     96%         3
 Passage of Golubria      Tloc           N/A          98%         4
 Call Canine Familiar     Summ           #.......     99%         3
 Conjure Flame            Conj/Fire      #.......     99%         3
 Frozen Ramparts          Ice            #.....       99%         3
 Ignite Poison            Fire/Tmut/Pois #.......     99%         3
 Mephitic Cloud           Conj/Pois/Air  #.......     99%         3
 Ozocubu's Armour         Ice            #.......     99%         3
 Spider Form              Tmut/Pois      #.........   99%         3
 Static Discharge         Conj/Air       #.......     99%         3
 Stone Arrow              Conj/Erth      #.....       99%         3
 Vampiric Draining        Necr           #.........   99%         3
 Cause Fear               Hex            ##........   99%         4
 Animate Dead             Necr           #.........   100%        4
 Fulminant Prism          Conj/Hex       #.........   100%        4
 Hailstorm                Conj/Ice       #.......     100%        4
 Ice Form                 Ice/Tmut       #.......     100%        4
 Iskenderun's Mystic Bla  Conj/Tloc      #.......     100%        4
 Leda's Liquefaction      Hex/Erth       #.........   100%        4
 Olgreb's Toxic Radiance  Pois           #.......     100%        4
 Petrify                  Tmut/Erth      #.......     100%        4
 Sticky Flame             Conj/Fire      #.......     100%        4
 Summon Ice Beast         Ice/Summ       #.......     100%        4
 Summon Lightning Spire   Summ/Air       #.......     100%        4
 Agony                    Necr           #.......     100%        5
 Alistair's Intoxication  Tmut/Pois      #........    100%        5
 Blade Hands              Tmut           #.........   100%        5
 Bolt of Magma            Conj/Fire/Erth #.........   100%        5
 Borgnjor's Vile Clutch   Necr/Erth      #.........   100%        5
 Fireball                 Conj/Fire      #.........   100%        5
 Irradiate                Conj/Tmut      #.........   100%        5
 Lee's Rapid Deconstruct  Erth           #.........   100%        5
 Lightning Bolt           Conj/Air       #.........   100%        5
 Summon Mana Viper        Hex/Summ       #.......     100%        5
 Yara's Violent Unravell  Hex/Tmut       #.........   100%        5
 Death Channel            Necr           #.........   100%        6
 Eringya's Noxious Bog    Tmut/Pois      #.........   100%        6
 Iron Shot                Conj/Erth      #.........   100%        6
 Ozocubu's Refrigeration  Ice            #.........   100%        6
 Simulacrum               Ice/Necr       #.........   100%        6
 Haunt                    Necr/Summ      #.........   100%        7
 Malign Gateway           Summ/Tloc      #.........   100%        7
 Borgnjor's Revivificati  Necr           #.........   100%        8
 Ignition                 Fire           #.........   100%        8
 Infestation              Necr           #.........   100%        8
 Necromutation            Tmut/Necr      #.........   100%        8
 Death's Door             Necr           #.........   100%        9
 Shatter                  Erth           #.........   100%        9
 Tornado                  Air            #.........   100%        9
 Statue Form              Tmut/Erth      Unusable     N/A         6

Dungeon Overview and Level Annotations

Branches:
Dungeon (15/15)            Temple (1/1) D:5            Lair (6/6) D:11
  Swamp (4/4) Lair:2        Snake (4/4) Lair:3        Slime (0/5) Lair:5
    Orc (2/2) D:9             Elf (3/3) Orc:2        Vaults (5/5) D:14
  Crypt (0/3) Vaults:2     Depths (0/5) D:15        Ossuary (visited)
 Bailey (visited)         Gauntlet (visited)

Altars:
Ashenzari
Cheibriados
Dithmenos
Elyvilon
Fedhas
Gozag
Kikubaaqudgha
Makhleb
Nemelex Xobeh
Okawaru
Qazlal
Ru
Sif Muna
Trog
Uskayaw
Vehumet
Wu Jian
Xom
Yredelemnul
Zin
The Shining One
Beogh
Jiyva

Shops:
D:4 }   D:6 ?   D:8 [[*[?   D:11 =   Orc:1 }   Orc:2 ![=!   Elf:3 }==}
Vaults:1 [

Portals:
Abyss: Snake:2

Annotations:
Elf:1 Roxanne
Vaults:5 Frederick


Innate Abilities, Weirdness & Mutations

You are resistant to torment.
Your stone body is resilient. (AC +17)
You are immune to poison.
Your large and strong wings let you fly indefinitely.
You resist negative energy. (rN+)
You are resistant to electric shocks. (rElec)
You can survive without breathing.
You are immune to petrification.
You are immune to rotting.


Message History

The vault guard hits you but does no damage.
You block the deep elf elementalist's attack.
A phantasmal warrior comes into view.
The deep elf high priest prays to its god.
The deep elf high priest begins emitting a brilliant aura!
The ironheart preserver is empowered by the deep elf high priest's aura!
The deep elf elementalist is empowered by the deep elf high priest's aura!
The quicksilver dragon closely misses you.
The quicksilver dragon claws you but does no damage.
The vault guard hits you but does no damage.
The vault guard barely misses you.
The phantasmal warrior blinks!
The deep elf high priest prays.
The tentacled monstrosity closely misses you.
You block the tentacled monstrosity's attack.
The tentacled monstrosity tentacle-slaps you but does no damage.
* * * LOW HITPOINT WARNING * * *
The tentacled monstrosity constricts you.
Frederick points at you and mumbles some strange words.
The lance of force hits you!!!
You die...

#....# #....#
W.. #....# ..#
## #....# ....
#.. #....#.....
....#....#....#
#....D.p......#
###..CpDeue####
.....Hp@eecS...
....WppX@xp....
......epp§.....
..........8....
##.........####
............
##.......#s..
#..#....#....


You could see Frederick (empowered, sheltered), a tentacled monstrosity
(sheltered), an iron dragon (sheltered), an ironheart preserver (empowered), a
titan (empowered, sheltered), a brown very ugly thing (sheltered), a quicksilver
dragon (sheltered), a sphinx (empowered, sheltered), a spellforged servitor
(summoned, empowered, sheltered), a yaktaur captain (sheltered), 7 vault guards,
2 deep elf elementalists, an anaconda shaped shifter (sheltered), 2 deep elf
high priests, 2 phantasmal warriors, a deep elf mage (empowered, sheltered), a
tarantella (wandering) and a small abomination (wandering, sheltered).

Vanquished Creatures
  Saint Roka (Elf:2)
  Bai Suzhen (Swamp:4)
  A bone dragon (Swamp:4)
  A tentacled monstrosity (Swamp:3)
  3 deep elf master archers (Elf:3)
  Asterion (Elf:3)
  2 deep elf blademasters (Elf:3)
  A titan (Vaults:4)
  A tentacled starspawn (Snake:2)
  An Executioner (Snake:2)
  The ghost of Askman the Peltast, an adept DsFi of Gozag (Snake:2)
  Kirke (D:15)
  A sphinx (D:13)
  A storm dragon (Vaults:4)
  A tengu reaver (Vaults:4)
  11 nagarajas
  2 frost giants
  5 deep elf sorcerers
  A fire giant (Vaults:4)
  Aizul (Snake:2)
  9 vault wardens
  An orc warlord (Orc:1)
  11 ironheart preservers
  5 deep elf elementalists
  3 very ugly things
  4 stone giants
  An entropy weaver (Vaults:2)
  5 deep elf demonologists (Elf:3)
  6 bunyips
  10 deep elf annihilators
  2 dire elephants (Lair:6)
  Snorg (Lair:4)
  A minotaur (Gauntlet)
  6 deep elf death magi (Elf:3)
  3 eleionomae
  5 fire dragons
  Josephine (Lair:4)
  9 yaktaur captains
  A shambling mangrove (Swamp:1)
  3 deep elf high priests (Elf:3)
  2 great orbs of eyes
  8 naga warriors (Snake:4)
  3 rakshasas
  13 hydras
  Harold (D:8)
  An ice dragon (Vaults:4)
  6 boulder beetles
  21 vault guards
  2 death knights
  9 centaur warriors
  6 ghost crabs
  2 catoblepae
  9 alligators
  23 dancing weapons
  15 death yaks
  10 anacondas
  15 two-headed ogres
  A tengu warrior (D:13)
  A death scarab (Gauntlet)
  6 ogre magi
  2 orc high priests (Orc:1)
  A deep troll earth mage (Vaults:1)
  3 small abominations (Elf:3)
  4 hell hogs (Snake:2)
  12 naga sharpshooters
  Nergalle (D:10)
  6 goliath frogs
  6 shock serpents
  Sonja (D:10)
  23 deep elf knights
  7 skeletal warriors
  A fire crab (Lair:4)
  A spriggan druid (Swamp:4)
  A shadow wraith (Vaults:4)
  An unseen horror (shapeshifter) (Vaults:4)
  4 deep trolls
  3 unseen horrors
  9 sea snakes (Snake:4)
  4 flayed ghosts
  7 wizards
  5 salamander mystics
  An orange crystal statue (Snake:3)
  5 spectral hydras (Swamp:4)
  19 deep elf archers
  2 swamp dragons
  Pikel (D:7)
  7 bog bodies
  21 ironbrand convokers
  4 necromancers
  4 glowing orange brains
  3 naga ritualists
  4 lindwurms
  A phantasmal warrior (Swamp:4)
  9 orc knights
  8 orc sorcerers
  60 deep elf magi
  5 tengu skeletons
  24 ugly things
  21 salamanders
  9 mana vipers
  8 will-o-the-wisps
  2 wolf spiders
  A sphinx skeleton (Vaults:2)
  A fire giant skeleton (Vaults:3)
  9 elephants
  An elephant (shapeshifter) (Elf:1)
  A cyclops (Vaults:1)
  Maurice (D:8)
  3 centaur zombies
  2 manticores
  A black mamba (shapeshifter) (Vaults:3)
  A frost giant skeleton (Vaults:2)
  14 vault sentinels
  An apocalypse crab (Snake:2)
  6 guardian serpents
  Psyche (D:8)
  36 black mambas
  3 gargoyles
  11 naga magi
  A torpor snail (Lair:6)
  A cane toad (shapeshifter) (D:15)
  Maggie (D:8)
  4 rime drakes
  A human zombie (Vaults:1)
  14 cane toads
  4 swamp worm zombies (Swamp:4)
  A kobold demonologist (D:8)
  5 freezing wraiths
  5 komodo dragons
  25 yaktaurs
  An efreet (D:13)
  2 hydra zombies (Swamp:4)
  A tengu simulacrum (Vaults:1)
  8 tyrant leeches
  4 trolls
  12 hornets
  11 polar bears
  20 blink frogs
  Prince Ribbit (D:6)
  5 alligator zombies (Swamp:4)
  A blink frog (shapeshifter) (Vaults:1)
  9 dream sheep (Lair:6)
  A raiju (Lair:6)
  4 slime creatures
  2 spectral swamp dragons (Swamp:4)
  A frost giant simulacrum (Vaults:3)
  A redback (Vaults:2)
  An ettin skeleton (Vaults:2)
  7 spriggans
  2 shadows (D:15)
  A vampire (D:10)
  37 yaks
  A water elemental (D:13)
  20 humans (D:14)
  5 wraiths
  5 air elementals
  3 fire elementals
  2 hogs (D:15)
  A hog (shapeshifter) (Elf:3)
  2 humans (shapeshifter)
  2 yaks (shapeshifter)
  6 basilisks
  A wyvern (shapeshifter) (Vaults:3)
  7 wyverns
  Grum (D:8)
  A basilisk (shapeshifter) (Vaults:1)
  3 vampire mosquitoes (Swamp:3)
  50 nagas
  8 wargs
  A swamp worm (shapeshifter) (Elf:3)
  15 swamp worms
  A soldier ant (shapeshifter) (D:15)
  7 water moccasins
  3 insubstantial wisps (Swamp:4)
  An acid dragon (Vaults:1)
  An ogre skeleton (Vaults:1)
  16 hell hounds (Lair:6)
  57 orc warriors
  3 ice beasts
  7 sky beasts
  5 swamp dragon zombies (Swamp:4)
  2 swamp drakes (Swamp:3)
  11 black bears
  A spectral torpor snail (Gauntlet)
  12 phantoms
  29 wolves
  5 boggarts
  A necrophage (D:6)
  9 centaurs
  An elf zombie (Vaults:1)
  24 ogres
  Blork the orc (D:6)
  8 big kobolds
  16 bullfrogs
  9 human skeletons
  An earth elemental (Elf:3)
  2 scorpions (D:8)
  7 wights
  9 killer bees
  4 electric eels
  4 howler monkeys
  2 lava snakes (Snake:4)
  A bullfrog zombie (D:10)
  3 human simulacra
  9 hounds
  8 jellies
  42 orc wizards
  4 centaur skeletons
  46 orc priests
  3 iguanas
  A bullfrog skeleton (D:11)
  An iron imp (D:8)
  11 worker ants
  6 big kobold zombies (Ossuary)
  3 hound zombies
  A hound skeleton (D:5)
  A mummy (Ossuary)
  Robin (D:4)
  9 gnolls
  A swamp drake zombie (Swamp:4)
  17 adders
  4 shadow imps
  4 white imps
  An ufetubus (D:5)
  2 oozes
  An adder zombie (D:7)
  6 worms
  3 dart slugs
  7 leopard geckos
  141 orcs
  A spectral bat (Ossuary)
  2 bat zombies (D:8)
  6 giant cockroaches
  6 gnoll zombies (Ossuary)
  12 goblins
  10 hobgoblins
  6 jackals (D:8)
  39 kobolds
  9 quokkas
  3 ball pythons
  9 bats
  3 bat simulacra (Ossuary)
  4 frilled lizards
  4 goblin simulacra (Ossuary)
  3 goblin zombies (Ossuary)
  5 hobgoblin zombies (Ossuary)
  A jackal zombie (D:8)
  2 kobold simulacra (Ossuary)
  9 kobold skeletons (D:8)
  12 kobold zombies
  A leopard gecko zombie (D:5)
  7 orc zombies (Ossuary)
  7 rats
  2 rat simulacra (Ossuary)
  4 rat zombies (D:8)
  4 spectral goblins (Ossuary)
  4 spectral kobolds (Ossuary)
  A spectral rat (Ossuary)
  A crawling corpse (Elf:3)
1793 creatures vanquished.

Vanquished Creatures (others)
  A vault warden (Vaults:5)
  An ice dragon (Vaults:2)
  A vault guard (Vaults:5)
  A hydra (Swamp:4)
  A centaur warrior (D:15)
  2 deep elf knights
  A death drake (Swamp:4)
  3 bloated husks
  2 hornets
  A spriggan (Swamp:4)
  A shadow (D:15)
  A human (D:15)
  4 insubstantial wisps (Swamp:4)
  2 swamp worms (Swamp:4)
  A black bear (Lair:6)
  A centaur (D:15)
  A boggart (Vaults:1)
  A jelly (D:13)
  An orc priest (Orc:2)
  3 orc wizards (Orc:2)
  An orc (D:15)
  A spectral goblin (Ossuary)
  25 foxfires
  48 fungi
  75 plants
  4 starspawn tentacles (Snake:2)
184 creatures vanquished.

Grand Total: 1977 creatures vanquished

Notes
Turn   | Place    | Note
-------+----------+-------------------------------------------
     0 | D:1      | BuffBuff the Gargoyle Fighter began the quest for the Orb.
     0 | D:1      | Reached XP level 1. HP: 14/14 MP: 1/1
   145 | D:1      | Reached XP level 2. HP: 15/19 MP: 2/2
   940 | D:1      | Reached XP level 3. HP: 23/23 MP: 3/3
  1471 | D:2      | Found an opulent altar of Gozag.
  1508 | D:2      | Reached XP level 4. HP: 29/29 MP: 4/4
  1758 | D:2      | Reached skill level 3 in Maces & Flails
  1779 | D:2      | Found a sparkling altar of Nemelex Xobeh.
  1789 | D:2      | Found a sacrificial altar of Ru.
  2196 | D:3      | Reached XP level 5. HP: 33/33 MP: 5/5
  2929 | D:3      | Reached skill level 4 in Maces & Flails
  2929 | D:3      | Reached XP level 6. HP: 38/38 MP: 6/6
  2956 | D:3      | Reached skill level 1 in Stealth
  3088 | D:3      | Found a stormy altar of Qazlal.
  3089 | D:3      | Noticed an air elemental
  3091 | D:3      | Noticed a fire elemental
  3091 | D:3      | Noticed a water elemental
  3146 | D:4      | Noticed Robin
  3278 | D:4      | Killed Robin
  3364 | D:3      | Reached skill level 5 in Maces & Flails
  3495 | D:4      | Found Diaricoo's Gadget Shoppe.
  3570 | D:4      | Reached skill level 5 in Shields
  3570 | D:4      | Reached XP level 7. HP: 44/44 MP: 7/7
  3920 | D:5      | Entered Level 5 of the Dungeon
  4071 | D:5      | Reached skill level 6 in Maces & Flails
  4142 | D:5      | Found a staircase to the Ecumenical Temple.
  4247 | D:5      | Found a radiant altar of Vehumet.
  4318 | D:5      | Found a sand-covered staircase.
  4323 | Ossuary  | Entered an ossuary
  4470 | Ossuary  | Reached skill level 5 in Fighting
  4470 | Ossuary  | Reached XP level 8. HP: 49/49 MP: 8/8
  5050 | D:5      | Reached skill level 7 in Maces & Flails
  5281 | Temple   | Entered the Ecumenical Temple
  5473 | Temple   | Became a worshipper of Warmaster Okawaru
  5695 | D:6      | Noticed Prince Ribbit
  5727 | D:6      | Killed Prince Ribbit
  5727 | D:6      | Reached * piety under Okawaru
  5728 | D:6      | Reached skill level 1 in Dodging
  5767 | D:6      | Reached skill level 8 in Maces & Flails
  5883 | D:6      | Reached XP level 9. HP: 54/55 MP: 7/9
  5936 | D:6      | Reached skill level 5 in Armour
  6044 | D:6      | Found Ruhorac's Magic Scroll Emporium.
  6150 | D:6      | Noticed Blork the orc
  6157 | D:6      | Killed Blork the orc
  6324 | D:6      | Found a shimmering blue altar of Sif Muna.
  6853 | D:6      | Reached skill level 9 in Maces & Flails
  7015 | D:7      | Reached ** piety under Okawaru
  7048 | D:7      | Noticed Pikel
  7092 | D:7      | Killed Pikel
  7220 | D:7      | Reached XP level 10. HP: 61/61 MP: 10/10
  7250 | D:7      | Noticed a purple ugly thing
  7279 | D:7      | Killed a purple ugly thing
  7313 | D:7      | Reached skill level 10 in Maces & Flails
  7347 | D:7      | Got a clouded steel ring
  7432 | D:7      | Reached *** piety under Okawaru
  7701 | D:7      | Noticed a manticore
  7716 | D:7      | Killed a manticore
  8217 | D:7      | Identified the ring "Yblimi" {rPois rC+ Str+4 Dex+3} (You
                  | found it on level 7 of the Dungeon)
  8331 | D:8      | Found Cocroemp's General Store.
  8333 | D:8      | Noticed a green ugly thing
  8342 | D:8      | Killed a green ugly thing
  8427 | D:8      | Found Adaokopo's Armour Shop.
  8455 | D:8      | Bought a +0 cloak for 58 gold pieces
  8455 | D:8      | Bought a +0 pair of boots for 58 gold pieces
  8513 | D:8      | Found a snail-covered altar of Cheibriados.
  8576 | D:8      | Found an ancient bone altar of Kikubaaqudgha.
  8629 | D:8      | Found Foops's Armour Shoppe.
  8673 | D:8      | Reached **** piety under Okawaru
  8758 | D:8      | Found a broken altar of Ashenzari.
  8760 | D:8      | Bought a +2 kite shield for 214 gold pieces
  8776 | D:8      | Noticed Psyche
  8800 | D:8      | Paralysed by something for 6 turns
  8809 | D:8      | Killed Psyche
  8810 | D:8      | Reached skill level 1 in Invocations
  8863 | D:8      | Noticed Grum
  8868 | D:8      | Killed Grum
  8881 | D:8      | Reached skill level 11 in Maces & Flails
  8912 | D:8      | Noticed Maurice
  8914 | D:8      | Noticed Maggie
  8935 | D:8      | Killed Maggie
  8936 | D:8      | Reached XP level 11. HP: 66/68 MP: 12/12
  8948 | D:8      | Killed Maurice
  9002 | D:8      | Found Gat Kexuafa's Armour Shoppe.
  9142 | D:8      | Found Raqium's Magic Scroll Shop.
  9211 | D:8      | Noticed Harold
  9372 | D:8      | Killed Harold
  9372 | D:8      | Reached ***** piety under Okawaru
  9437 | D:8      | Found an ancient bone altar of Kikubaaqudgha.
 10057 | D:9      | Noticed a two-headed ogre
 10065 | D:9      | Killed a two-headed ogre
 10107 | D:9      | Received a gift from Okawaru
 10111 | D:9      | Reached skill level 12 in Maces & Flails
 10899 | D:9      | Found a staircase to the Orcish Mines.
 10933 | Orc:1    | Entered Level 1 of the Orcish Mines
 10934 | Orc:1    | Noticed an orc high priest
 10935 | Orc:1    | Noticed a soul eater
 10953 | Orc:1    | Killed an orc high priest
 10962 | D:9      | Reached XP level 12. HP: 34/76 MP: 15/15
 11291 | Orc:1    | Found Upoddeics's Gadget Shop.
 11307 | Orc:1    | Found a flagged portal.
 11327 | Bailey   | Entered a bailey
 11788 | Bailey   | Found a roughly hewn altar of Beogh.
 11804 | Bailey   | Reached skill level 5 in Invocations
 11918 | Orc:1    | Noticed a sun demon
 11923 | Orc:1    | Reached skill level 10 in Shields
 12131 | Orc:2    | Entered Level 2 of the Orcish Mines
 12280 | Orc:2    | Reached ****** piety under Okawaru
 12427 | Orc:2    | Received a gift from Okawaru
 12427 | Orc:2    | Noticed an orc high priest
 12676 | Orc:1    | Killed an orc high priest
 13118 | Orc:2    | Found a staircase to the Elven Halls.
 13122 | Orc:2    | Noticed an orc warlord
 13162 | Orc:1    | Killed an orc warlord
 13163 | Orc:1    | Reached skill level 10 in Fighting
 13163 | Orc:1    | Reached skill level 13 in Maces & Flails
 13772 | Orc:2    | Found Pikhat's Antique Armour Emporium.
 13772 | Orc:2    | Found Lassai's Distillery.
 13773 | Orc:2    | Found Yvoaz's Jewellery Shoppe.
 13776 | Orc:2    | Found Axzotan's Distillery.
 14123 | Orc:1    | Reached skill level 10 in Armour
 14558 | D:8      | Bought the +1 pair of boots of Winnek {rElec rCorr Dex+6}
                  | for 625 gold pieces
 14598 | D:10     | Entered Level 10 of the Dungeon
 14646 | D:10     | Noticed a two-headed ogre
 14660 | D:10     | Killed a two-headed ogre
 14660 | D:10     | Received a gift from Okawaru
 14661 | D:10     | Reached XP level 13. HP: 82/82 MP: 17/17
 14757 | D:10     | Noticed Nergalle
 14773 | D:10     | Killed Nergalle
 14983 | D:10     | Noticed Sonja
 15226 | D:10     | Killed Sonja
 15869 | D:11     | Found a staircase to the Lair.
 16277 | D:11     | Identified the +5 chain mail of Repulsion {-Cast *Slow
                  | MR+++ Str+8}
 16441 | D:11     | Found Lyolov's Jewellery Emporium.
 16588 | Lair:1   | Entered Level 1 of the Lair of Beasts
 16891 | Lair:1   | Received a gift from Okawaru
 16984 | Lair:1   | You fall into a shaft and drop 1 floor!
 17041 | Lair:2   | You fall into a shaft and drop 2 floors!
 17046 | Lair:3   | Found a staircase to the Snake Pit.
 17091 | Lair:2   | Reached skill level 14 in Maces & Flails
 17901 | Lair:2   | Found a staircase to the Swamp.
 20128 | Lair:4   | Gained mutation: Your large and strong wings let you fly
                  | indefinitely. [Gargoyle growth]
 20128 | Lair:4   | Reached XP level 14. HP: 75/90 MP: 20/20
 20217 | Lair:4   | Noticed Josephine
 20236 | Lair:4   | Killed Josephine
 20349 | Lair:4   | Noticed Snorg
 20375 | Lair:4   | Killed Snorg
 21021 | Lair:5   | Received a gift from Okawaru
 21024 | Lair:5   | Got a polished hat {god gift}
 21034 | Lair:5   | Identified the +0 hat "Ynti" {Regen+} (Okawaru gifted it to
                  | you on level 5 of the Lair of Beasts)
 21119 | Lair:5   | Found a staircase to the Slime Pits.
 21119 | Lair:5   | Found a viscous altar of Jiyva.
 21721 | Lair:6   | Entered Level 6 of the Lair of Beasts
 21754 | Lair:5   | Reached skill level 15 in Maces & Flails
 22196 | Lair:6   | Received a gift from Okawaru
 22212 | Lair:6   | Got a jewelled crystal plate armour {god gift}
 22214 | Lair:6   | Noticed a dire elephant
 22251 | Lair:6   | Killed a dire elephant
 22296 | Lair:6   | Identified the +1 crystal plate armour of the Game Afoot
                  | {rPois rF+ rC- Str+5} (Okawaru gifted it to you on level 6
                  | of the Lair of Beasts)
 22457 | Lair:6   | Reached XP level 15. HP: 96/96 MP: 22/22
 23192 | Lair:6   | Reached skill level 10 in Invocations
 23204 | Lair:6   | Reached skill level 16 in Maces & Flails
 23500 | Lair:6   | Received a gift from Okawaru
 23710 | Lair:6   | Identified a scroll of acquirement
 23710 | Lair:6   | Acquired the ring of the Eagle {*Drain rElec rC++ MR+
                  | Int+6}
 23790 | Swamp:1  | Entered Level 1 of the Swamp
 24300 | Swamp:1  | Reached XP level 16. HP: 82/103 MP: 23/23
 25017 | Swamp:2  | Received a gift from Okawaru
 25895 | Swamp:3  | Noticed a tentacled monstrosity
 25919 | Swamp:3  | Killed a tentacled monstrosity
 25921 | Swamp:3  | Identified the Almanac of Cankerous Moulding
 25987 | Swamp:3  | Reached skill level 17 in Maces & Flails
 26187 | Swamp:4  | Entered Level 4 of the Swamp
 26431 | Swamp:4  | Noticed Bai Suzhen
 26471 | Swamp:4  | Killed Bai Suzhen
 27263 | Swamp:4  | Noticed a bone dragon
 27290 | Swamp:4  | Killed a bone dragon
 27290 | Swamp:4  | Received a gift from Okawaru
 27291 | Swamp:4  | Reached XP level 17. HP: 81/110 MP: 23/25
 27835 | Swamp:4  | Got a decaying rune of Zot
 28001 | Snake:1  | Entered Level 1 of the Snake Pit
 28341 | Snake:1  | Got an encrusted mace
 28341 | Snake:1  | Identified the +6 mace of Laesodah {freeze, Int-2 Dex+4
                  | Stlth+} (You found it on level 1 of the Snake Pit)
 28784 | Snake:2  | Noticed Aizul
 28806 | Snake:2  | Killed Aizul
 28922 | Snake:2  | Found a one-way gate to the infinite horrors of the Abyss.
 28922 | Snake:2  | Noticed Askman's ghost (adept DsFi)
 28922 | Snake:2  | Noticed an Executioner
 28935 | Snake:2  | Identified the +4 flail "Xiledyrch" {distort, Dex+3}
 28948 | Snake:2  | Noticed a tentacled starspawn
 28960 | Snake:2  | Found a transporter.
 28972 | Snake:2  | Found a transporter.
 28981 | Snake:2  | Reached skill level 18 in Maces & Flails
 29235 | Snake:2  | You are sucked into a shaft and drop 1 floor!
 29305 | Snake:3  | Received a gift from Okawaru
 29792 | Snake:2  | Killed Askman's ghost
 29799 | Snake:2  | Killed a tentacled starspawn
 29801 | Snake:2  | Killed an Executioner
 30148 | Snake:3  | Found a transporter.
 30160 | Snake:3  | Found the ring of Robustness {AC+8}
 30163 | Snake:3  | Found a transporter.
 30338 | Snake:3  | Received a gift from Okawaru
 30339 | Snake:3  | Reached XP level 18. HP: 117/117 MP: 27/27
 30347 | Snake:3  | Found a broken altar of Ashenzari.
 30697 | Snake:3  | Identified a +1 pair of boots of running (You found it on
                  | level 3 of the Snake Pit)
 30789 | Snake:4  | Entered Level 4 of the Snake Pit
 30954 | Snake:4  | Reached skill level 15 in Shields
 31165 | Snake:4  | Got a smouldering chain mail
 31202 | Snake:4  | Identified the cursed +1 chain mail "Hubyus" {Rampage Int+4
                  | Stlth+} (You found it on level 4 of the Snake Pit)
 31443 | Snake:4  | Got a fading scale mail
 31782 | Snake:4  | Reached skill level 19 in Maces & Flails
 31977 | Snake:4  | Reached skill level 15 in Fighting
 32174 | Snake:4  | Received a gift from Okawaru
 32212 | Snake:4  | Reached skill level 15 in Armour
 32247 | Snake:4  | Got a fine hat {god gift}
 33032 | Snake:4  | Got a serpentine rune of Zot
 33075 | Snake:4  | Identified the +3 scale mail "Ojaraqum" {-Tele rCorr Dex+4}
                  | (You found it on level 4 of the Snake Pit)
 33095 | Snake:4  | Identified the +1 hat "Wezatug" {+Inv rPois Str+5 Dex+4}
                  | (Okawaru gifted it to you on level 4 of the Snake Pit)
 33398 | Elf:1    | Entered Level 1 of the Elven Halls
 33409 | Elf:1    | Reached XP level 19. HP: 118/124 MP: 26/28
 33761 | Elf:1    | Reached skill level 1 in Evocations
 33801 | Elf:1    | Identified Roxanne's Collected Works on the Rocks
 33801 | Elf:1    | Noticed Roxanne
 33917 | Elf:1    | Identified Kepugg's Collected Works on Attacks
 34165 | Elf:2    | Received a gift from Okawaru
 34358 | Elf:2    | Found a radiant altar of Vehumet.
 34497 | Elf:2    | Found a runed translucent gate.
 34497 | Elf:2    | Found a runed translucent gate.
 34497 | Elf:2    | Found a runed translucent gate.
 35085 | Elf:2    | Noticed Saint Roka
 35152 | Elf:2    | Killed Saint Roka
 35152 | Elf:2    | Received a gift from Okawaru
 35581 | Elf:2    | Reached skill level 20 in Maces & Flails
 35996 | Elf:3    | Entered Level 3 of the Elven Halls
 35996 | Elf:3    | Noticed Asterion
 36009 | Elf:3    | Killed Asterion
 36092 | Elf:3    | Received a gift from Okawaru
 36280 | Elf:3    | Found Orche's Gadget Shoppe.
 36706 | Elf:3    | Reached skill level 5 in Evocations
 37137 | Elf:3    | Reached XP level 20. HP: 131/131 MP: 27/29
 37141 | Elf:3    | Found Ekhoseso's Gadget Emporium.
 37141 | Elf:3    | Found Syky's Jewellery Boutique.
 37141 | Elf:3    | Found Tahar's Jewellery Boutique.
 37158 | Elf:3    | Bought an uncursed amulet of reflection for 510 gold pieces
 37327 | Elf:3    | Noticed a Brimstone Fiend
 37734 | Elf:3    | Identified the +5 long sword of an ossuary {vorpal, Str+2}
 37734 | Elf:3    | Identified the ring of Trepidation {rElec rPois rF- Str-4
                  | Dex+8}
 37734 | Elf:3    | Identified the +10 long sword "Main" {freeze, rF- rC++
                  | Dex+4}
 37744 | Elf:3    | Identified the ring of the Hare {Ice Dex+4}
 37884 | Elf:3    | Identified the +6 dagger of Watchfulness {speed, rPois
                  | Dex+3}
 37885 | Elf:3    | Noticed a Tzitzimitl
 38258 | Elf:3    | Received a gift from Okawaru
 38387 | Elf:3    | Identified a +0 pair of boots of running (You found it on
                  | level 3 of the Elven Halls)
 38509 | Elf:3    | Upgraded the game from 0.26-a0-837-g5a8a614f01 to
                  | 0.26-a0-845-gfacbca91cf
 38721 | D:12     | Found a roughly hewn altar of Beogh.
 38900 | D:12     | Found a gate leading to a gauntlet.
 38910 | Gauntlet | Entered a Gauntlet
 38910 | Gauntlet | Found a transporter.
 38910 | Gauntlet | Found a transporter.
 38943 | Gauntlet | Found a transporter.
 38947 | Gauntlet | Found a transporter.
 38954 | Gauntlet | Found a runed translucent door.
 38956 | Gauntlet | Found a transporter.
 38959 | Gauntlet | Found a transporter.
 38975 | Gauntlet | Found a transporter.
 38990 | Gauntlet | Found a transporter.
 39005 | Gauntlet | Found a transporter.
 39009 | Gauntlet | Found a transporter.
 39020 | Gauntlet | Found a transporter.
 39021 | Gauntlet | Found a transporter.
 39136 | Gauntlet | Got a serpentine bronze amulet
 39164 | Gauntlet | Identified the Collected Works on Dislocated Beguiling
 39196 | Gauntlet | Identified the amulet "Kaojy" {RegenMP rC+ MP+9 Slay-2}
                  | (You found it in a Gauntlet)
 40266 | D:13     | Received a gift from Okawaru
 40269 | D:13     | Got a warped mace {god gift}
 40269 | D:13     | Identified the +2 mace of the Establishment {vorpal,
                  | Fragile rN+ Str+2 Int+5} (Okawaru gifted it to you on level
                  | 13 of the Dungeon)
 40573 | D:14     | Found a gate to the Vaults.
 40779 | D:14     | Identified the Catalogue of the Mutagenic Glacier
 41355 | D:15     | Entered Level 15 of the Dungeon
 41355 | D:15     | Found a blossoming altar of Fedhas.
 41814 | D:15     | Reached XP level 21. HP: 137/137 MP: 30/30
 41859 | D:15     | Noticed Kirke
 41875 | D:15     | Killed Kirke
 41993 | D:15     | Found a staircase to the Depths.
 42375 | Vaults:1 | Entered Level 1 of the Vaults
 42414 | Vaults:1 | Received a gift from Okawaru
 43213 | Vaults:1 | Found Tiefog's Armour Shoppe.
 43578 | Vaults:1 | Acquired 318 gold pieces
 43837 | D:8      | Bought a scroll of enchant armour for 90 gold pieces
 43837 | D:8      | Bought a scroll of enchant weapon for 90 gold pieces
 43897 | D:6      | Bought a scroll of enchant armour for 97 gold pieces
 43897 | D:6      | Bought a scroll of enchant armour for 97 gold pieces
 44386 | Vaults:2 | Received a gift from Okawaru
 44477 | Vaults:2 | Reached skill level 10 in Evocations
 45260 | Vaults:2 | Received a gift from Okawaru
 45388 | Vaults:2 | Found a staircase to the Crypt.
 46137 | Vaults:3 | Reached XP level 22. HP: 145/145 MP: 31/31
 46183 | Vaults:3 | Received a gift from Okawaru
 46223 | Vaults:3 | Learned a level 2 spell: Passwall
 46226 | Vaults:3 | Learned a level 2 spell: Blink
 46460 | Vaults:3 | Reached skill level 1 in Translocations
 46471 | Vaults:3 | Reached skill level 21 in Maces & Flails
 47412 | Vaults:4 | Learned a level 6 spell: Invisibility
 47818 | Vaults:4 | Reached skill level 1 in Hexes
 48077 | Vaults:4 | Received a gift from Okawaru
 48764 | Vaults:5 | Entered Level 5 of the Vaults
 48764 | Vaults:5 | Noticed Frederick
 48856 | Vaults:5 | Reached XP level 23. HP: 74/152 MP: 32/32
 48869 | Vaults:5 | Killed from afar by Frederick

Illustrated notes

Levels and vault maps discovered:
D:1:      nzn_arrival_crosshair, layout_basic, minmay_octomino_c4
D:2:      layout_loops_ring, overflow_temple_1_default,
          nemelex_xobeh_ov_fountains_minmay, nicolae_gozag_seed_capital,
          kennysheep_generic_room_9
D:3:      layout_basic, nicolae_qazlal_style_of_elements, st_stairs_6
D:4:      layout_rooms, serial_shops, shop_coins, abandoned_shop, uniq_robin
D:5:      layout_basic, lemuel_crystal_altar, temple_pool_b,
          nicolae_ossuary_entry_plus
D:6:      layout_basic, lemuel_blue_sif_altar, serial_shops, shop_fountains,
          uniq_blork_the_orc, uniq_prince_ribbit1
D:7:      minmay_the_grid_octo_triangle [minmay_the_grid_octo_focus,
          minmay_the_grid_octo_prize_ultimate_mussel_roller,
          minmay_the_grid_octo_pinwheel], layout_basic,
          nicolae_overflow_hidden_temple, uniq_pikel
D:8:      wander_kiku_kobolds, layout_cave_pools, slow_altar_1,
          cheibrodos_ashenzari_chains, lemuel_zombie_altar_kikubaaqudgha,
          serial_shops, shop, kennysheep_little_box, nicolae_shop_statue_plus,
          shop, kennysheep_mini, uniq_maggie, uniq_grum, uniq_harold,
          uniq_psyche, uniq_maurice
D:9:      layout_layer_cave, erik_orc_2
D:10:     layout_long_grid, uniq_nergalle, uniq_sonja
D:11:     layout_irregular_city, lair_entry_dummy, serial_shops,
          kennysheep_mini_moat
D:12:     layout_rooms, special_room [special_room_orc], gauntlet_entry_generic
D:13:     cross_vault, layout_basic
D:14:     layout_basic, grunt_vaults_entry_tiered
D:15:     gammafunk_enter_depths_forms, layout_loops_ring, fedhas_altar_3,
          special_room [special_room_orc], uniq_kirke
Temple:   minmay_temple_bridge_abc
Lair:1:   layout_regular_city
Lair:2:   layout_regular_city, minmay_swamp_entry_eels,
          chequers_serial_rivers_micro_d, minmay_stone_trees_small,
          chequers_serial_rivers_micro_a, minivault_23, serial_bayou_shore_b
Lair:3:   layout_layer_cave, guppyfry_snake_entry_island
Lair:4:   layout_small_grid, infiniplex_staircase_pool_2, uniq_josephine,
          uniq_snorg
Lair:5:   layout_concentric_octagons, slime_altar_1, grunt_megastairs_3
Lair:6:   hangedman_lair_caniforms_friends, layout_cave_shapes,
          hangedman_lair_in_review
Swamp:1:  layout_basic_swamp, evilmike_swamp_ruin_house_6
Swamp:2:  layout_falls_marsh, evilmike_swamp_ruin_rubble_2,
          infiniplex_staircase_pool
Swamp:3:  cheibrodos_swamp_monstrosity, layout_falls_marsh,
          hangedman_swamp_diagram
Swamp:4:  swamp_pestilence, layout_basic_swamp, swamp_pool1, uniq_bai_suzhen
Snake:1:  layout_gridlike, grunt_megastairs_2
Snake:2:  layout_rooms, gammafunk_ghost_abyssal_escape, lemuel_fruit_tree,
          uniq_aizul
Snake:3:  gammafunk_sealed_arena, layout_concentric_octagons, basic_altar
Snake:4:  grunt_snake_rune_pools, layout_basic
Orc:1:    layout_caves, serial_shops, shop, enter_bailey_2,
          nicolae_orc_bridge_out
Orc:2:    st_orc_mages, layout_caves
Elf:1:    eino_elf_arrival_the_gate, layout_geoelf_octagon,
          minmay_elf_annihilation, uniq_roxanne
Elf:2:    layout_geoelf_diagonals, basic_altar, uniq_saint_roka
Elf:3:    grunt_elf_hall_asides, layout_geoelf_grid, serial_shops, shop,
          guppyfry_elf_garden, minmay_shop_grove, uniq_asterion
Vaults:1: v_alt_pattern_4, nicolae_vaults_ring_of_whatevers,
          vaults_room_semicircle, nicolae_vaults_network_star,
          nicolae_vaults_triangles, v_rooms_3, ontoclasm_vaults_eye,
          vaults_dpeg_encased_lava, v_misc_10, hangedman_vaults_snaps,
          nicolae_vaults_rhombus_6, nicolae_vaults_diagonal_hallway_6,
          layout_vaults_omnicross, serial_shops, shop_statue
Vaults:2: hangedman_vaults_corner, nicolae_vaults_little_squares_6,
          vaults_room_stairs_pillars, st_lattice, grunt_vaults_bifocal,
          ontoclasm_vaults_claustrophobia, v_misc_12,
          minmay_crypt_entry_skeletal_spiral, vaults_room_octagon,
          nicolae_vaults_network_square, ontoclasm_vaults_ligature,
          layout_vaults_omnibox
Vaults:3: v_misc_13, v_alt_pattern_4, vaults_room_door_hall, v_misc_19,
          v_alt_pattern_3, vaults_room_ringed_pool, st_smaller_cells,
          nicolae_vaults_little_squares_1, vaults_room_pool,
          layout_vaults_big_room
Vaults:4: nicolae_vaults_little_squares_5, vaults_room_pool,
          nicolae_vaults_alarming, st_check, vaults_mumra_hexcomb,
          grunt_vaults_focal, vaults_dpeg_spiral,
          nicolae_vaults_mini_display_case, layout_vaults_omnigrid
Vaults:5: serial_shops, uniq_frederick

Skill      XL: |  1  2  3  4  5  6  7  8  9 10 11 12 13 14 15 16 17 18 19 20 21 22 23 |
---------------+----------------------------------------------------------------------+-----
Shields        | 4 5 6 7 8 9 10 11 12 13 14 15 16 17 18 | 18.2
Maces & Flails | 3 4 5 6 8 9 11 12 13 14 15 16 17 18 19 20 21 | 21.2
Fighting       | 4 5 6 8 9 10 11 12 13 14 15 16 17 18 | 18.0
Stealth        | 1 |  1.1
Armour         | 4 6 7 8 10 11 12 13 14 15 16 17 | 17.8
Dodging        | 1 |  1.0
Invocations    | 1 4 6 8 9 10 11 12 | 12.0
Evocations     | 5 8 10 12 | 12.0
Translocations | 3 4 |  4.0
Hexes          | 2 |  2.8
Throwing       | |  0.4

Action                   |  1- 3 |  4- 6 |  7- 9 | 10-12 | 13-15 | 16-18 | 19-21 | 22-24 || total
-------------------------+-------+-------+-------+-------+-------+-------+-------+-------++-------
Melee: Flail             |   110 |   370 |   537 |       |       |       |       |       ||  1017
       Whip              |       |       |    16 |   172 |       |       |       |       ||   188
       Eveningstar       |       |       |       |   884 |  1226 |  1408 |  1936 |   506 ||  5960
Throw: Dart              |       |     6 |       |    26 |    13 |     2 |     2 |       ||    49
Invok: Heroism           |       |       |     3 |    12 |     5 |    11 |    24 |     3 ||    58
       Finesse           |       |       |       |       |     1 |     6 |     5 |     1 ||    13
 Abil: Fly               |       |       |       |       |     1 |       |       |       ||     1
       Evoke Invisibilit |       |       |       |       |       |       |       |     1 ||     1
  Use: Scroll            |       |       |    10 |    11 |    11 |     7 |    22 |     1 ||    62
       Potion            |       |       |     2 |     1 |       |     3 |       |     9 ||    15
 Stab: Invisible         |       |       |       |     2 |       |       |       |       ||     2
       Petrifying        |       |       |       |     1 |       |       |       |       ||     1
Armor: Chain mail        |    10 |       |       |       |       |       |       |       ||    10
       Plate armour      |    70 |   306 |   294 |   519 |   330 |       |       |       ||  1519
       Troll leather arm |       |       |       |     2 |       |       |       |       ||     2
       Crystal plate arm |       |       |       |       |   311 |   867 |   470 |       ||  1648
       Gold dragon scale |       |       |       |       |       |       |   115 |   231 ||   346
Dodge: Dodged            |    15 |    40 |    68 |   252 |   205 |   163 |   160 |    67 ||   970
Block: Kite shield       |    65 |   221 |   249 |   793 |   291 |       |       |       ||  1619
       Tower shield      |       |       |       |       |   874 |  1541 |  1699 |   623 ||  4737
       Reflection        |       |       |       |       |       |       |    72 |    54 ||   126

Table legend: (Time is in decaauts)
 A = Elapsed time spent in this place.
 B = Non-inter-level travel time spent in this place.
 C = Inter-level travel time spent in this place.
 D = Time resting spent in this place.
 E = Time spent auto-exploring this place.
 F = Levels seen in this place.
 G = Mean time per level.
                   A        B        C        D        E       F      G
               +--------+--------+--------+--------+--------+-----+--------+
         Total |  46605 |  44469 |   2136 |   9890 |  20968 |  43 | 1083.8 |
       Dungeon |  16040 |  14962 |   1078 |   2589 |   7573 |  15 | 1069.3 |
        Temple |    215 |    193 |     22 |      0 |    171 |   1 |  215.0 |
          Lair |   7168 |   6878 |    290 |   1356 |   3959 |   6 | 1194.7 |
         Swamp |   3964 |   3826 |    138 |   1327 |   1472 |   4 |  991.0 |
     Snake Pit |   4837 |   4618 |    219 |    835 |   2431 |   4 | 1209.2 |
  Orcish Mines |   2805 |   2661 |    144 |   1345 |    641 |   2 | 1402.5 |
   Elven Halls |   4726 |   4596 |    130 |   1641 |   1445 |   3 | 1575.3 |
        Vaults |   5412 |   5300 |    112 |    601 |   2790 |   5 | 1082.4 |
       Ossuary |    557 |    557 |      0 |     83 |    112 |   1 |  557.0 |
        Bailey |    568 |    568 |      0 |     95 |    214 |   1 |  568.0 |
      Gauntlet |    309 |    309 |      0 |     16 |    158 |   1 |  309.0 |
               +--------+--------+--------+--------+--------+-----+--------+

Top non-repeatable levels by time:
   Elf:3: 2289 daAuts
 Snake:4: 2131 daAuts
     D:9: 1891 daAuts
   Orc:1: 1816 daAuts
   Elf:2: 1746 daAuts
  Lair:6: 1679 daAuts
 Swamp:4: 1666 daAuts
Vaults:4: 1643 daAuts
     D:7: 1613 daAuts
Vaults:1: 1386 daAuts
     D:3: 1384 daAuts
  Lair:3: 1355 daAuts
     D:6: 1321 daAuts
Vaults:2: 1313 daAuts
     D:8: 1263 daAuts
